 Dungeon Crawl Stone Soup version 0.26-a0-201-gb271ac0 (webtiles) character file.

Game seed: 15001742153786336014

35 Atlas the Insei (level 3, 0/29 HPs)
             Began as a Demonspawn Monk on July 5, 2020.
             Succumbed to an adder's poison
             ... on level 2 of the Dungeon.
             The game lasted 00:01:09 (1090 turns).

Atlas the Insei (Demonspawn Monk)                   Turns: 1090, Time: 00:01:09

Health: 0/29       AC:  3    Str:  9 (12) XL:     3   Next: 16%
Magic:  3/3        EV: 12    Int:  8 (11) God:
Gold:   44         SH:  0    Dex: 12 (15) Spells: 2/2 levels left

rFire    + . .     SeeInvis .     - Unarmed
rCold    x . .     Faith    .   (no shield)
rNeg     . . .     Spirit   .   d - +0 leather armour
rPois    .         Reflect  .   (no helmet)
rElec    .         Harm     .   (no cloak)
rCorr    .                      (no gloves)
MR       .....                  (no boots)
Stlth    +.........             (no amulet)
HPRegen  0.09/turn              c - ring of fire
MPRegen  0.08/turn              (no ring)

@: lethally poisoned (0 -> -6)
A: hooves 1, powered by death 1
a: no special abilities


You were on level 2 of the Dungeon.
You were not hungry.

You visited 1 branch of the dungeon, and saw 2 of its levels.

You collected 44 gold pieces.

Inventory:

Armour
 a - a +0 robe
 d - a +0 leather armour (worn)
Jewellery
 c - a ring of fire (left hand)
Scrolls
 f - 2 scrolls of magic mapping {unknown}
 g - a scroll of remove curse {unknown}
 h - 3 scrolls of identify {unknown}
 j - a scroll of amnesia {unknown}
 l - a scroll of enchant weapon {unknown}
Potions
 k - a potion of mutation {unknown}
 m - a potion of flight {unknown}
Comestibles
 b - a ration
 i - 2 chunks of flesh


   Skills:
 + Level 3.1 Fighting
 + Level 0.5 Armour
 + Level 3.0 Dodging
 - Level 1.8 Stealth
 + Level 3.4 Unarmed Combat


You had 2 spell levels left.
You didn't know any spells.
Your spell library was empty.

Dungeon Overview and Level Annotations

Branches:
Dungeon (2/15)

Altars:


Innate Abilities, Weirdness & Mutations

You have large cloven feet.
You regenerate a little health from kills.


Message History

The bat closely misses you. The adder bites you.
You see here a giant cockroach corpse.
The bat closely misses you.
You feel sick. The bat hits you but does no damage. The adder bites you.
* * * LOW HITPOINT WARNING * * *
You are lethally poisoned!
The adder poisons you!
* * * LOW HITPOINT WARNING * * *
You feel sick. The bat closely misses you. The bat hits you.
* * * LOW HITPOINT WARNING * * *
* * * LOW HITPOINT WARNING * * *
You feel sick. The bat closely misses you. The adder closely misses you.
Unknown command.
The bat closely misses you.
* * * LOW HITPOINT WARNING * * *
You feel sick. The bat barely misses you. The bat hits you but does no damage.
The bat hits you.
* * * LOW HITPOINT WARNING * * *
You die...

.#........##............#####
###..#..............>###.....
..#..##...#.#.................
.....##.#.#........#...........
...#.##.#.##....................
..##.#
...##..(.................#
.....# . ##.....#..............
..#### ..#...##S#...........#
..# ##.##.@.bS...........## ..#
# #####g##........... ..####
##.............. ......
g.............$... ..####
..........†......# ###
.................# #
.####............# # ..
#............. # #.............


You could see 2 adders, a hobgoblin and a bat.

Vanquished Creatures
  A dart slug (D:1)
  3 bats
  3 giant cockroaches
  5 goblins
  5 hobgoblins
  A quokka (D:2)
  A frilled lizard (D:2)
  4 kobolds
  5 rats (D:1)
28 creatures vanquished.

Notes
Turn   | Place    | Note
-------+----------+-------------------------------------------
     0 | D:1      | Atlas the Demonspawn Monk began the quest for the Orb.
     0 | D:1      | Reached XP level 1. HP: 18/18 MP: 1/1
   308 | D:1      | Gained mutation: You regenerate a little health from kills.
                  | [demonic ancestry]
   308 | D:1      | Reached XP level 2. HP: 23/24 MP: 2/2
   977 | D:2      | Gained mutation: You have large cloven feet. [demonic
                  | ancestry]
   977 | D:2      | Reached XP level 3. HP: 27/29 MP: 3/3
  1089 | D:2      | HP: 1/29 [bat (1)]
  1090 | D:2      | Succumbed to an adder's poison

Illustrated notes

Levels and vault maps discovered:
D:1:      matt_arrival_refuge, layout_loops_ring, serial_forest,
          infiniplex_forest_lined_3, infiniplex_forest_join,
          infiniplex_forest_clump_curved, infiniplex_forest_corner_1,
          infiniplex_forest_lined_2, infiniplex_forest_corner_1,
          infiniplex_forest_zigzag_2
D:2:      layout_rooms

Skill      XL: |  1  2 |
---------------+-------+-----
Unarmed Combat | 3 |  3.4
Dodging        | 3 |  3.0
Fighting       | |  3.1
Armour         | |  0.5
Stealth        | |  1.8

Action                   || total
-------------------------++-------
Melee: Unarmed           ||   122
       Kick              ||     6
       Punch             ||     1
  Use: Potion            ||     1
 Stab: Sleeping          ||     5
  Eat: Chunk             ||     1
Armor: Leather armour    ||    32
Dodge: Dodged            ||   104

Table legend:
 A = Non-vault XP
 B = Vault XP
 C = Vault XP percentage of total XP
 D = Non-vault monster count
 E = Vault monster count
 F = Vault count percentage of total count
                 A         B        C        D         E       F
            +---------+---------+-------+---------+---------+-------
      Total |      50 |       0 |   0.0 |      28 |       0 |   0.0
            +---------+---------+-------+---------+---------+-------
        D:1 |      38 |       0 |   0.0 |      21 |       0 |   0.0
        D:2 |      12 |       0 |   0.0 |       7 |       0 |   0.0
            +---------+---------+-------+---------+---------+-------
